 Dungeon Crawl Stone Soup version 0.27-a0-1136-g0b992a5a9d (webtiles) character file.

Game seed: 15393134903424108121

112 siradein the Poker (level 4, 0/33 HPs)
             Began as a Demonspawn Gladiator on May 5, 2021.
             Slain by an orc priest
             ... wielding a +0 flail of protection
              (3 damage)
             ... on level 3 of the Dungeon.
             The game lasted 00:04:28 (2892 turns).

siradein the Poker (Demonspawn Gladiator)           Turns: 2892, Time: 00:04:29

Health: 0/33       AC:  4    Str: 16    XL:     4   Next: 63%
Magic:  4/4        EV: 12    Int:  9    God:
Gold:   121        SH:  0    Dex: 14    Spells: 3/3 levels left

rFire    . . .     SeeInvis .   j - +0 spear (flame)
rCold    . . .     Faith    .   (no shield)
rNeg     . . .     Spirit   .   b - +0 leather armour
rPois    .         Reflect  .   (helmet restricted)
rElec    .         Harm     .   g - +0 cloak
rCorr    .         Rampage  .   (no gloves)
Will     .....                  (no boots)
Stlth    +.........             (no amulet)
HPRegen  0.11/turn              (no ring)
MPRegen  0.09/turn              (no ring)

@: no status effects
A: horns 1, talons 1
a: no special abilities


You were on level 3 of the Dungeon.
You visited 1 branch of the dungeon, and saw 3 of its levels.

You collected 121 gold pieces.

Inventory:

Hand Weapons
 j - a +0 spear of flaming (weapon)
Missiles
 d - 3 throwing nets (quivered)
Armour
 b - a +0 leather armour (worn)
 g - a +0 cloak (worn)
Scrolls
 a - a scroll of amnesia {unknown}
 c - 4 scrolls of identify {unknown}
 i - 3 scrolls of teleportation {unknown}
 k - a scroll of enchant armour {unknown}
 l - a scroll of vulnerability {unknown}
 m - a scroll of fear {unknown}
 n - a scroll of enchant weapon {unknown}
Potions
 e - 2 potions of curing {unknown}
 f - 2 potions of degeneration {unknown}
 h - a potion of invisibility {unknown}


   Skills:
 - Level 2.0 Fighting
 + Level 5.0 Polearms
 - Level 1.7 Throwing
 - Level 2.6 Dodging


You had 3 spell levels left.
You didn't know any spells.
Your spell library contained the following spells:

 Spells                   Type           Power      Damage    Failure   Level
 Confusing Touch          Hex            0%         N/A       83%         3
 Gell's Gravitas          Tloc           0%         N/A       83%         3
 Petrify                  Tmut/Erth      0%         N/A       99%         4
 Metabolic Englaciation   Hex/Ice        0%         N/A       100%        5
 Yara's Violent Unravell  Hex/Tmut       0%         3d3       100%        5


Dungeon Overview and Level Annotations

Branches:
Dungeon (3/15)

Altars:
Okawaru
Ru
Sif Muna
Vehumet

Shops:
D:2 (   D:3 *


Innate Abilities, Weirdness & Mutations

You have a pair of small horns on your head.
You have sharp toenails.


Message History

You are too injured to fight recklessly!
You hit the orc priest but do no damage.
Your headbutt misses the orc priest. The orc priest barely misses you.
You closely miss the orc priest. Your kick misses the orc priest.
An orc wizard comes into view. It is wielding a +0 dagger.
The orc priest hits you with a +0 flail of protection!
* * * LOW HITPOINT WARNING * * *
The orc wizard shouts!
You hit the orc priest. You burn the orc priest. You headbutt the orc priest!
The orc priest is severely wounded.
The orc priest barely misses you.
You hit the orc priest but do no damage.
Your kick misses the orc priest.
The orc priest is severely wounded.
You hit the orc priest but do no damage.
Your kick misses the orc priest. Your headbutt misses the orc priest.
The orc priest is severely wounded.
The orc priest barely misses you.
You hit the orc priest but do no damage.
The orc priest is severely wounded.
The orc priest hits you with a +0 flail of protection.
* * * LOW HITPOINT WARNING * * *
You barely miss the orc priest. You claw the orc priest.
You headbutt the orc priest, but do no damage.
The orc priest is almost dead.
The orc priest hits you with a +0 flail of protection.
* * * LOW HITPOINT WARNING * * *
You closely miss the orc priest.
The orc priest is almost dead.
The orc priest completely misses you.
You hit the orc priest but do no damage.
You claw the orc priest, but do no damage.
Your headbutt misses the orc priest.
The orc priest is almost dead.
The orc priest misses you.
You barely miss the orc priest.
You headbutt the orc priest, but do no damage.
The orc priest is almost dead.
The orc priest hits you with a +0 flail of protection.
You die...

#<.....<....# #.####
#...........# #####.....
#...........# #.#.###.##
##########..# #.......# .
#..#######.#.##### #####.
#..#.......###..## ......
#..#.#####.#####.## ...8..#
#........#......... .......
##@#######.#####...
.......####o##########...#..
.....oo....o............)...
...8........#######.##......
.......###### #.##..##..
#####.. #.##..#### ....
#.##...... ####. #.##.#####
#. #.##.#


You could see an orc priest and an orc wizard.

Vanquished Creatures
  An orc priest (D:3)
  An adder (D:2)
  2 worms
  5 orcs (D:3)
  5 bats
  3 endoplasms
  4 giant cockroaches
  6 goblins
  7 hobgoblins
  2 jackals (D:3)
  5 kobolds
  2 quokkas (D:1)
  6 ball pythons
  4 frilled lizards
  4 rats
57 creatures vanquished.

Notes
Turn   | Place    | Note
-------+----------+-------------------------------------------
     0 | D:1      | siradein the Demonspawn Gladiator began the quest for the
                  | Orb.
     0 | D:1      | Reached XP level 1. HP: 16/16 MP: 1/1
    46 | D:1      | Reached skill level 3 in Polearms
   284 | D:1      | Gained mutation: You have a pair of small horns on your
                  | head. [demonic ancestry]
   284 | D:1      | Reached XP level 2. HP: 22/22 MP: 2/2
   810 | D:2      | Reached XP level 3. HP: 26/27 MP: 3/3
   832 | D:2      | Found a faded altar of an unknown god.
   920 | D:2      | Reached skill level 4 in Polearms
  1208 | D:2      | Found Otoreru's Weapon Emporium.
  2096 | D:3      | Found Jighang's Assorted Antiques.
  2130 | D:3      | Gained mutation: You have sharp toenails. [demonic
                  | ancestry]
  2130 | D:3      | Reached XP level 4. HP: 33/33 MP: 4/4
  2168 | D:3      | Found a radiant altar of Vehumet.
  2168 | D:3      | Found a shimmering blue altar of Sif Muna.
  2169 | D:3      | Found an iron altar of Okawaru.
  2493 | D:3      | Found a sacrificial altar of Ru.
  2791 | D:3      | Reached skill level 5 in Polearms
  2892 | D:3      | Slain by an orc priest

Illustrated notes

Levels and vault maps discovered:
D:1:      tarquinn_simple_flora_water_f, layout_rooms, minmay_tetromino_i2
D:2:      layout_basic, hellmonk_ecumenical_altar_pennies_from_heaven,
          serial_shops, shop
D:3:      cheibrodos_pilgrimage, layout_loops_ring, nicolae_ru_awakened_eye,
          chequers_temple_overflow_statue_of_worship, serial_shops, shop,
          grunt_decor_fettered

Skill      XL: |  1  2  3  4 |
---------------+-------------+-----
Polearms       | 3 4 5 |  5.0
Fighting       | |  2.0
Throwing       | |  1.7
Dodging        | |  2.6

Action                   |  1- 3 |  4- 6 || total
-------------------------+-------+-------++-------
Melee: Trident           |    83 |       ||    83
       Headbutt          |     8 |     6 ||    14
       Spear             |    54 |    39 ||    93
       Kick              |       |     6 ||     6
 Stab: Sleeping          |     1 |     1 ||     2
       Distracted        |     1 |       ||     1
Armor: Leather armour    |    30 |     3 ||    33
Dodge: Dodged            |    53 |    10 ||    63

Table legend: (Time is in decaauts)
 A = Elapsed time spent in this place.
 B = Non-inter-level travel time spent in this place.
 C = Inter-level travel time spent in this place.
 D = Time resting spent in this place.
 E = Time spent auto-exploring this place.
 F = Levels seen in this place.
 G = Mean time per level.
                   A        B        C        D        E       F      G
               +--------+--------+--------+--------+--------+-----+--------+
         Total |   2892 |   2836 |     56 |      2 |   2461 |   3 |  964.0 |
       Dungeon |   2892 |   2836 |     56 |      2 |   2461 |   3 |  964.0 |
               +--------+--------+--------+--------+--------+-----+--------+

Top non-repeatable levels by time:
     D:2: 1201 daAuts
     D:3: 877 daAuts
     D:1: 813 daAuts
